 Seeded DCSS version 0.30-b1-5-g8e6c1be481 (webtiles) character file.

Game seed: 1 (custom seed)

130 Kazon the Conjurer (level 5, -4/46 HPs)
             Began as an Ogre Conjurer on May 3, 2023.
             Was a Believer of Fedhas.
             Slain by an ice beast (14 damage)
             ... on level 3 of the Dungeon on May 4, 2023.
             The game lasted 00:14:47 (1954 turns).

Kazon the Conjurer (Ogre Conjurer)                  Turns: 1954, Time: 00:14:47

Health: -4/46      AC:  3    Str: 13    XL:     5   Next: 14%
Magic:  0/8        EV:  9    Int: 19    God:    Fedhas [**....]
Gold:   165        SH:  0    Dex:  7    Spells: 6/9 levels left

rFire   . . .        h - +4 spear
rCold   . . .        (no shield)
rNeg    . . .        a - +0 robe
rPois   .            t - +0 hat
rElec   .            (no cloak)
rCorr   .            (gloves unavailable)
SInv    .            (boots unavailable)
Will    .....        (no amulet)
Stlth   ++           n - ring of wizardry
HPRegen 0.27/turn    (no ring)
MPRegen 0.11/turn

%: wizardry (x1)
@: no status effects
A: large, unfitting armour, tough skin 1
a: Renounce Religion, Wall of Briars


You were on level 3 of the Dungeon.
You worshipped Fedhas.
Fedhas was pleased with you.
You visited 1 branch of the dungeon, and saw 3 of its levels.

You collected 165 gold pieces.

Inventory:

Hand Weapons
 e - a +2 dagger of venom
 h - a +4 spear (weapon)
Missiles
 c - a stone
 l - 5 poisoned darts
 s - 2 boomerangs (quivered)
Armour
 a - a +0 robe (worn)
 t - a +0 hat (worn)
Jewellery
 n - a ring of wizardry (left hand)
Scrolls
 d - a scroll of silence {unknown}
 f - a scroll of magic mapping {unknown}
 j - a scroll of immolation {unknown}
 m - a scroll of poison {unknown}
 p - a scroll of blinking {unknown}
 r - a scroll of fear {unknown}
Potions
 b - a potion of magic
 g - a potion of mutation
 k - a potion of ambrosia
 o - 2 potions of haste
 u - a potion of lignification {unknown}


   Skills:
 + Level 0.5 Fighting
 + Level 0.3 Short Blades
 + Level 0.3 Maces & Flails
 + Level 0.9 Polearms
 + Level 0.4 Throwing
 + Level 2.4 Dodging
 + Level 2.1 Stealth
 + Level 2.6 Spellcasting
 + Level 4.1 Conjurations
 * Level 2.2 Invocations


You had 6 spell levels left.
You knew the following spells:

 Your Spells              Type           Power      Damage    Failure   Level
a - Magic Dart            Conj           72%        1d6       1%          1
b - Searing Ray           Conj           36%        2d5       1%          2

Your spell library contained the following spells:

 Spells                   Type           Power      Damage    Failure   Level
 Slow                     Hex            8%         N/A       6%          1
 Dazzling Flash           Conj/Hex       20%        N/A       9%          3
 Confusing Touch          Hex            2%         N/A       19%         3
 Vampiric Draining        Necr           2%         2d6       19%         3
 Volatile Blastmotes      Fire/Tloc      4%         2d10      19%         3
 Fulminant Prism          Conj/Hex       5%         3d7       26%         4
 Iskenderun's Mystic Bla  Conj/Tloc      10%        2d4       26%         4
 Starburst                Conj/Fire      5%         6d4       98%         6


Dungeon Overview and Level Annotations

Branches:
Dungeon (3/15)

Altars:
Fedhas

Shops:
D:3 [


Innate Abilities, Weirdness & Mutations

You are too large for most types of armour.
You have tough skin. (AC +1)


Message History

The ice beast freezes you!
* * * LOW HITPOINT WARNING * * *
You feel much better. The ice beast hits you. The ice beast freezes you!
* * * LOW HITPOINT WARNING * * *
You closely miss the ice beast.
The ice beast is heavily wounded.
The ice beast completely misses you.
You puncture the ice beast!
The ice beast is almost dead.
The ice beast hits you.
* * * LOW HITPOINT WARNING * * *
The ice beast freezes you.
* * * LOW HITPOINT WARNING * * *
The ice beast barely misses you. The ice beast attacks as you move away!
The ice beast hits you but does no damage.
Casting: Searing Ray (safe; 1% risk of failure)
Confirm with . or Enter, or press ? or * to list all spells.
Aiming: Searing Ray (safe; 1% risk of failure)
Press: ? - help, Shift-Dir - straight line, f - gnoll
Aim: a gnoll, wielding a +0 halberd (81% to hit)
The searing ray hits the ice beast.
The ice beast is almost dead.
The searing ray hits the gnoll!
The gnoll is severely wounded.
The searing ray misses the gnoll. (Press . to maintain the ray.)
The ice beast hits you but does no damage.
You hit the ice beast but do no damage.
The ice beast is almost dead.
The ice beast hits you.
* * * LOW HITPOINT WARNING * * *
The ice beast freezes you.
* * * LOW HITPOINT WARNING * * *
Unknown command.
You feel better. The ice beast hits you.
* * * LOW HITPOINT WARNING * * *
The ice beast freezes you!
You die...
Fedhas appreciates your contribution to the ecosystem.

#Y~~ ♣~P# #..).....# .#.~~ ♣~.#
#........# ..P.~♣♣♣♣♣~P
#........# ..~~~~~~♣~~#
#........# ...~..~~~~~#
#.[......# ......~PP~.#
#####.#.### .g.........#
###.........
...........#########...##.#.###
..........†ggY@......####.#.###
..........######.##### #.#.##.
.........#######..>######.#....
..#.....##.......#....#......## #
########.##########<..##.#.#
#.###########.....#.#
############.#........##..^###.##
##...........#.#####.###..## #..#
......########.# ##.##...## ##.#


You could see an ice beast and 2 gnolls.

Vanquished Creatures
  3 adders (D:2)
  4 gnolls (D:3)
  2 dart slugs
  An orc (D:3)
  3 endoplasms (D:1)
  3 giant cockroaches
  6 goblins
  8 hobgoblins
  3 quokkas
  7 ball pythons
  6 bats
  2 frilled lizards (D:1)
  4 kobolds
  7 rats
59 creatures vanquished.

Vanquished Creatures (others)
  17 plants (D:3)
17 creatures vanquished.

Grand Total: 76 creatures vanquished

Notes
Turn   | Place    | Note
-------+----------+-------------------------------------------
     0 | D:1      | Kazon the Ogre Conjurer began the quest for the Orb.
     0 | D:1      | Reached XP level 1. HP: 16/16 MP: 3/3
    83 | D:1      | Found a faded altar of an unknown god.
    87 | D:1      | Prayed at the altar of an unknown god.
    87 | D:1      | Became a worshipper of Fedhas Madash
    87 | D:1      | Reached * piety under Fedhas
   187 | D:1      | Reached skill level 1 in Invocations
   209 | D:1      | Reached XP level 2. HP: 24/24 MP: 1/5
   647 | D:1      | Reached ** piety under Fedhas
   684 | D:1      | Reached XP level 3. HP: 26/31 MP: 6/6
   809 | D:2      | Reached skill level 4 in Conjurations
   838 | D:2      | Reached XP level 4. HP: 36/39 MP: 7/7
   864 | D:2      | Learned a level 2 spell: Searing Ray
  1449 | D:3      | Found Pazuischa's Antique Armour Shoppe.
  1659 | D:3      | Reached XP level 5. HP: 46/46 MP: 8/8
  1914 | D:3      | Noticed an ice beast
  1940 | D:3      | HP: 2/46 [ice beast (12)]
  1946 | D:3      | HP: 2/46 [ice beast (9)]
  1953 | D:3      | HP: 1/46 [ice beast (5)]
  1954 | D:3      | Slain by an ice beast

Illustrated notes

Levels and vault maps discovered:
D:1:      dpeg_arrival_snail, layout_loops_ring, nicolae_ecumenical_lake_church,
          amethyst_killhole
D:2:      layout_rooms, st_stairs_9
D:3:      layout_rooms, serial_shops, shop, serial_bayou_pond_c,
          kennysheep_generic_room_14

Skill      XL: |  1  2  3  4 |
---------------+-------------+-----
Invocations    | 1 2 |  2.2
Dodging        | 2 |  2.4
Conjurations   | 4 |  4.1
Stealth        | 2 |  2.1
Fighting       | |  0.5
Short Blades   | |  0.3
Maces & Flails | |  0.3
Polearms       | |  0.9
Throwing       | |  0.4
Spellcasting   | |  2.6

Action                     |  1- 3 |  4- 6 || total
---------------------------+-------+-------++-------
  Melee: Club              |    14 |       ||    14
         Dagger            |    16 |    49 ||    65
         Spear             |    41 |    28 ||    69
  Throw: Stone             |       |    17 ||    17
         Dart              |       |     2 ||     2
         Boomerang         |       |     4 ||     4
   Cast: Magic Dart        |    11 |    19 ||    30
         Searing Ray       |       |     4 ||     4
    Use: Scroll            |       |     6 ||     6
         Potion            |       |     3 ||     3
   Stab: Sleeping          |     2 |     1 ||     3
 Armour: Robe              |    28 |    19 ||    47
  Dodge: Dodged            |    34 |    25 ||    59
